 Dungeon Crawl Stone Soup version 0.29.1-12-g30fa7ad0bf (webtiles) character file.

Game seed: 18025974118283795073

1556 warriortoast the Covert (level 8, -1/42 HPs)
             Began as a Spriggan Hunter on Dec 12, 2022.
             Was an Initiate of Fedhas.
             Slain by a gnoll
             ... wielding a +0 hand axe
              (11 damage)
             ... in a bailey.
             The game lasted 00:15:16 (9059 turns).

warriortoast the Covert (Spriggan Hunter)           Turns: 9059, Time: 00:15:16

Health: -1/42      AC:  3    Str:  7    XL:     8   Next: 58%
Magic:  9/9        EV: 22    Int: 11    God:    Fedhas [......]
Gold:   378        SH:  0    Dex: 20    Spells: 7/7 levels left

rFire   . . .      SeeInvis +   a - +0 shortbow
rCold   . . .      Faith    .   (shield currently unavailable)
rNeg    . . .      Spirit   .   c - +1 robe
rPois   .          Reflect  .   (helmet restricted)
rElec   .          Harm     .   (no cloak)
rCorr   .          Rampage  .   (gloves unavailable)
Will    +....                   (boots unavailable)
Stlth   ++++......              (no amulet)
HPRegen 0.14/turn               z - ring of flight
MPRegen 0.11/turn               (no ring)

@: flying, hasted, invisible, very quick
A: very small, no large weapons, unfitting armour, see invisible, speed 3
a: Renounce Religion


You were in a bailey.
You worshipped Fedhas.
Fedhas was noncommittal.
You visited 2 branches of the dungeon, and saw 9 of its levels.
You also visited: Ossuary and Bailey.

You collected 391 gold pieces.
You spent 13 gold pieces at shops.

Inventory:

Hand Weapons
 a - a +0 shortbow (weapon)
Missiles
 y - a throwing net
 B - 14 stones
Armour
 c - a +1 robe (worn)
Jewellery
 e - a ring of resist corrosion
 m - a ring of positive energy
 z - a ring of flight (left hand)
Wands
 p - a wand of acid (23)
 w - a wand of flame (16)
Scrolls
 b - a scroll of immolation
 g - 2 scrolls of teleportation
 s - a scroll of vulnerability
 t - 2 scrolls of noise
 u - a scroll of silence
 A - a scroll of amnesia
Potions
 d - 3 potions of lignification
 f - 5 potions of curing
 h - 3 potions of heal wounds
 i - 7 potions of might
 k - 3 potions of magic {unknown}
 n - 2 potions of flight {unknown}
 o - 3 potions of haste
 q - a potion of mutation {unknown}
 r - 2 potions of resistance {unknown}
 v - a potion of attraction {unknown}
 x - a potion of degeneration {unknown}


   Skills:
 + Level 4.7 Fighting
 + Level 6.7 Ranged Weapons
 + Level 7.4 Dodging
 + Level 8.5 Stealth


You had 7 spell levels left.
You didn't know any spells.
Your spell library contained the following spells:

 Spells                   Type           Power      Damage    Failure   Level
 Ensorcelled Hibernation  Hex/Ice        0%         N/A       47%         2
 Static Discharge         Conj/Air       0%         3-3/arc   47%         2
 Call Canine Familiar     Summ           0%         N/A       71%         3
 Portal Projectile        Hex/Tloc       0%         N/A       71%         3
 Spider Form              Tmut/Pois      0%         N/A       71%         3
 Anguish                  Hex/Necr       0%         N/A       98%         4
 Dispel Undead            Necr           0%         3d6       98%         4
 Leda's Liquefaction      Hex/Erth       0%         N/A       98%         4
 Sticky Flame             Conj/Fire      0%         2d3       98%         4


Dungeon Overview and Level Annotations

Branches:
Dungeon (8/15)             Temple (1/1) D:5         Ossuary (visited)
 Bailey (1/1)
   Lair: D:8-11

Altars:
Ashenzari
Cheibriados
Elyvilon
Fedhas
Gozag
Okawaru
Qazlal
Sif Muna
Uskayaw
Vehumet
Xom
Yredelemnul

Shops:
D:3 *   D:5 :

Annotations:
D:5 Dowan, Duvessa


Innate Abilities, Weirdness & Mutations

You are very small and have problems with some larger weapons.
You are too small for most types of armour.
You have supernaturally acute eyesight. (SInv)
You cover ground extremely quickly. (Speed+++)


Message History

You shoot an arrow. The arrow hits the human.
The human is lightly wounded.
The gnoll hits you with a +0 hand axe!
The human hits you with a +0 vorpal hand axe.
* * * LOW HITPOINT WARNING * * *
x2 The human closely misses you.
You are too injured to fight recklessly!
Fire: a) +0 shortbow
Press: ? - help, Q - select action, (/) - cycle Shift-Dir - straight line, f/p - human
Aim: a human, wielding a +0 vorpal hand axe and wearing a +0 scale mail (lightly wounded, unable to see you, 61% to hit)
You shoot an arrow. The arrow hits the human.
The human is moderately wounded.
The gnoll completely misses you. The human completely misses you. x2
The human misses you.
Fire: a) +0 shortbow
Press: ? - help, Q - select action, (/) - cycle Shift-Dir - straight line, f/p - human
Aim: a human, wielding a +0 vorpal hand axe and wearing a +0 scale mail (moderately wounded, unable to see you, 61% to hit)
You shoot an arrow. The arrow hits the human!
The human is heavily wounded.
The gnoll misses you. The human misses you. The human closely misses you. x2
Fire: a) +0 shortbow
Press: ? - help, Q - select action, (/) - cycle Shift-Dir - straight line, f/p - human
Aim: a human, wielding a +0 vorpal hand axe and wearing a +0 scale mail (heavily wounded, unable to see you, 61% to hit)
You shoot an arrow. The arrow barely misses the human.
Unknown command.
Fire: a) +0 shortbow
Press: ? - help, Q - select action, (/) - cycle Shift-Dir - straight line, f/p - human
Aim: a human, wielding a +0 vorpal hand axe and wearing a +0 scale mail (heavily wounded, unable to see you, 61% to hit)
You shoot an arrow. The arrow hits the human!
The human is severely wounded.
The gnoll barely misses you. The human completely misses you.
The human misses you. x2
Fire: a) +0 shortbow
Press: ? - help, Q - select action, (/) - cycle Shift-Dir - straight line, f/p - human
Aim: a human, wielding a +0 vorpal hand axe and wearing a +0 scale mail (severely wounded, unable to see you, 61% to hit)
You shoot an arrow. The arrow hits the human.
The human is severely wounded.
The gnoll hits you with a +0 hand axe!
You die...
Fedhas appreciates your contribution to the ecosystem.

#####
##@p.##
#ppg..#
#po.∩.#
#.....#
##...##
#'#+#
..#
...#
#...#


You could see 4 humans, a gnoll (unable to see you) and an orc (unable to see
you).

Vanquished Creatures
  Sigmund (D:2)
  A water moccasin (D:5)
  3 ogres
  A bullfrog (D:7)
  2 scorpions
  4 crimson imps (D:5)
  A centaur zombie (Ossuary)
  4 jellies
  3 hounds
  2 orc priests (D:5)
  2 iguanas (D:5)
  2 orc wizards (D:5)
  3 mummies
  8 gnolls
  4 adders
  A shadow imp (D:7)
  2 adder zombies (Ossuary)
  5 worms
  A dart slug (D:1)
  10 orcs
  8 endoplasms
  6 giant cockroaches
  6 goblins
  13 hobgoblins
  5 jackals (D:1)
  4 quokkas
  6 ball pythons
  6 bats
  4 frilled lizards
  13 hobgoblin zombies (Ossuary)
  3 jackal zombies (Ossuary)
  15 kobolds
  7 kobold zombies (Ossuary)
  10 orc zombies (Ossuary)
  11 rats
  A rat zombie (Ossuary)
178 creatures vanquished.

Notes
Turn   | Place    | Note
-------+----------+-------------------------------------------
     0 | D:1      | warriortoast the Spriggan Hunter began the quest for the
                  | Orb.
     0 | D:1      | Reached XP level 1. HP: 10/10 MP: 2/2
    73 | D:1      | Reached skill level 2 in Stealth
    75 | D:1      | Reached XP level 2. HP: 9/15 MP: 3/3
   546 | D:1      | Found a faded altar of an unknown god.
   570 | D:1      | Reached XP level 3. HP: 18/18 MP: 4/4
   958 | D:2      | Noticed Sigmund
   965 | D:2      | Killed Sigmund
   966 | D:2      | Reached skill level 4 in Stealth
   966 | D:2      | Reached XP level 4. HP: 10/23 MP: 5/5
   966 | D:2      | Reached XP level 5. HP: 12/27 MP: 6/6
  1588 | D:2      | Reached skill level 5 in Ranged Weapons
  1754 | D:2      | Reached XP level 6. HP: 32/32 MP: 7/7
  2071 | D:2      | Reached skill level 5 in Stealth
  2249 | D:3      | Found Faqous's General Store.
  2258 | D:3      | Bought a scroll of noise for 13 gold pieces
  2759 | D:3      | Reached skill level 5 in Dodging
  3125 | D:4      | Found a sand-covered staircase.
  3140 | Ossuary  | Entered an ossuary
  3322 | Ossuary  | Reached XP level 7. HP: 36/36 MP: 8/8
  3394 | Ossuary  | Reached skill level 6 in Stealth
  3664 | D:4      | Found a radiant altar of Vehumet.
  3664 | D:4      | Found a basalt altar of Yredelemnul.
  4753 | D:4      | Found a hide-covered altar of Uskayaw.
  4783 | D:5      | Entered Level 5 of the Dungeon
  4899 | D:5      | Noticed Dowan
  4899 | D:5      | Noticed Duvessa
  5204 | D:5      | Found a stormy altar of Qazlal.
  5236 | D:5      | Reached skill level 7 in Stealth
  6300 | D:4      | Reached XP level 8. HP: 28/42 MP: 9/9
  7014 | D:5      | Found a staircase to the Ecumenical Temple.
  7026 | Temple   | Entered the Ecumenical Temple
  7160 | D:5      | Found a blossoming altar of Fedhas.
  8090 | D:5      | Became a worshipper of Fedhas Madash
  8107 | D:5      | Reached skill level 8 in Stealth
  8125 | D:5      | Found Koxtu's Book Shop.
  8155 | D:5      | Found a shimmering altar of Xom.
  8699 | D:6      | You fall into a shaft and drop 2 floors!
  9010 | D:7      | Found a flagged portal.
  9033 | Bailey   | Entered a bailey
  9059 | Bailey   | Slain by a gnoll

Illustrated notes

Levels and vault maps discovered:
D:1:      saegor_arrival_simple_a, layout_rooms,
          shapermc_ecumenical_altar_notcrosses
D:2:      minmay_razor_zed, layout_loops_ring, nicolae_wormholes, uniq_sigmund
D:3:      layout_rooms, serial_shops, shop
D:4:      layout_loops_ring, jmf_multi_god_temple, nicolae_uskayaw_suspiria,
          gup_ossuary_entry_pyramid, minmay_misc_feat_chi,
          minmay_misc_feat_roman
D:5:      layout_basic, led_xom_imps, old_standard_altar,
          mainiacjoe_overflow_chevrons, minmay_temple_entry_large_hall,
          serial_shops, nicolae_square_shop, uniq_duvessa
D:6:      cheibrodos_iron_armory, layout_basic,
          grunt_temple_overflow_order_and_chaos_2, nzn_wu_jian_contemplation,
          nicolae_overflow_two_pavilions
D:7:      layout_loops_corners, mainiacjoe_overflow_boulevard, enter_bailey_4
D:8:      layout_rooms, nemelex_altar_shiori, kennysheep_mini,
          nicolae_overflow_crystal_walls, uniq_maurice
Temple:   nicolae_temple_superstar
Bailey:   bailey_axe_froggy_fort_hellmonk, bailey

Skill      XL: |  1  2  3  4  5  6  7  8 |
---------------+-------------------------+-----
Stealth        | 2 4 5 7 8 |  8.5
Dodging        | 3 4 5 6 7 |  7.4
Fighting       | 2 3 4 |  4.7
Ranged Weapons | 5 6 |  6.7

Action                   |  1- 3 |  4- 6 |  7- 9 || total
-------------------------+-------+-------+-------++-------
 Fire: Shortbow          |    86 |   181 |   403 ||   670
  Use: Scroll            |       |     3 |     9 ||    12
       Potion            |       |       |     3 ||     3
Armor: Robe              |     6 |    11 |     8 ||    25
Dodge: Dodged            |    21 |    64 |   234 ||   319
